 Dungeon Crawl Stone Soup version 0.32-a0-607-g64ea0e4219 (webtiles) character file.

Game seed: 2894522997969514318

631 porpoise the Chopper (level 7, -7/56 HPs)
             Began as a Demonspawn Fighter on Mar 4, 2024.
             Killed from afar by a gnoll (12 damage)
             ... with a bolt of light
             ... led by a gnoll sergeant
             ... on level 5 of the Dungeon.
             The game lasted 00:15:09 (4281 turns).

porpoise the Chopper (Demonspawn Fighter)           Turns: 4281, Time: 00:15:09

Health: -7/56      AC: 16    Str: 19    XL:     7   Next: 24%
Magic:  7/7        EV:  9    Int:  8    God:
Gold:   184        SH:  0    Dex: 12    Spells: 6/6 levels left

rFire   . . .        a - +0 war axe
rCold   x . .        c - +0 buckler
rNeg    . . .        b - +0 scale mail
rPois   .            g - +2 helmet
rElec   .            (no cloak)
rCorr   .            p - +2 pair of gloves
SInv    .            m - +0 pair of boots
Will    .....        (no amulet) Stlth
                     (no ring)
HPRegen 0.29/turn    (no ring)
MPRegen 0.10/turn

%: no passive effects
@: confused
A: claws 1, icy blue scales 1, cold vulnerability 1
a: no special abilities


You were on level 5 of the Dungeon.
You visited 1 branch of the dungeon, and saw 5 of its levels.

You collected 184 gold pieces.

Inventory:

Hand Weapons
 a - a +0 war axe (weapon)
Missiles
 f - 8 poisoned darts (quivered)
 x - 2 boomerangs
Armour
 b - a +0 scale mail (worn)
 c - a +0 buckler (worn)
 g - a +2 helmet (worn)
 m - a +0 pair of boots (worn)
 p - a +2 pair of gloves (worn)
Jewellery
 s - a ring of fire
Wands
 n - a wand of charming (10)
 u - a wand of mindburst (13)
 y - a wand of digging (6)
Scrolls
 e - a scroll of fog {unknown}
 h - a scroll of vulnerability {unknown}
 i - a scroll of blinking {unknown}
 j - a scroll of enchant armour {unknown}
 k - 2 scrolls of enchant weapon {unknown}
 l - 3 scrolls of identify {unknown}
 o - a scroll of fear
 w - a scroll of teleportation {unknown}
Potions
 d - 3 potions of might
 q - 3 potions of heal wounds {unknown}
 r - 4 potions of lignification {unknown}
 t - a potion of curing {unknown}
 v - a potion of mutation


   Skills:
 + Level 5.3 Fighting
 * Level 5.9 Axes
 - Level 2.6 Armour
 + Level 3.2 Shields


You had 6 spell levels left.
You didn't know any spells.
Your spell library contained the following spells:

 Spells                   Type           Power      Damage    Failure   Level
 Sublimation of Blood     Necr           0%         N/A       94%         2
 Dazzling Flash           Conj/Hex       0%         N/A       99%         3
 Volatile Blastmotes      Fire/Tloc      0%         2d10      99%         3
 Petrify                  Alch/Erth      0%         N/A       100%        4
 Irradiate                Conj/Alch      0%         3d11      100%        5
 Starburst                Conj/Fire      0%         6d3       100%        6
 Maxwell's Capacitive Co  Air            0%         ∞         100%        8


Dungeon Overview and Level Annotations

Branches:
Dungeon (5/15)
 Temple: D:4-7

Altars:
Cheibriados


Innate Abilities, Weirdness & Mutations

You have sharp fingernails.
You are partially covered in icy blue scales. (AC +2)
You are vulnerable to cold. (rC-)


Message History

You block the gnoll sergeant's attack. The gnoll hits you but does no damage.
You hit the gnoll sergeant but do no damage.
The gnoll sergeant is lightly wounded.
You barely miss the gnoll. You slash the gnoll!
You kill the gnoll!
You block the gnoll sergeant's attack. The gnoll barely misses you.
You hit the gnoll sergeant but do no damage.
The gnoll sergeant is lightly wounded.
You hit the gnoll.
You kill the gnoll!
The gnoll sergeant closely misses you.
You slash the gnoll!
The gnoll is severely wounded.
You barely miss the gnoll sergeant. The gnoll barely misses you.
The gnoll sergeant closely misses you.
The gnoll sergeant hits you with a +4 vampiric trident.
You block the gnoll's attack.
You barely miss the gnoll.
The gnoll is severely wounded.
You barely miss the gnoll sergeant.
You are no longer corroded.
You block the gnoll's attack.
The gnoll sergeant hits you with a +4 vampiric trident.
Unknown command.
You hit the gnoll.
The gnoll is almost dead.
You barely miss the gnoll sergeant.
The gnoll zaps a wand.
The bolt of light hits you!
You are confused.
* * * LOW HITPOINT WARNING * * *
The gnoll sergeant hits you with a +4 vampiric trident.
* * * LOW HITPOINT WARNING * * *
You barely miss the gnoll.
The gnoll is almost dead.
You barely miss the gnoll sergeant. The gnoll hits you but does no damage.
The gnoll sergeant hits you but does no damage.
It was a potion of mutation.
You feel extremely strange.
You feel vulnerable to cold.
The gnoll zaps a wand.
The bolt of light hits you!
You die...

# ........ . )......
. #.....# # #.....#
#.....# #####
#.....+ .....
#gg...# ###### #
#@)...# ...... #.
#))...# ###### ..
#.)...# #.#.....
#.#.....# #.#.##..
#.......# #.#.##.#
####..#######.#.#..#
#.......##.#...##
#.#####..#.#.### #.#
##.#.#.#


You could see a gnoll sergeant and a gnoll.

Vanquished Creatures
  A scorpion (D:3)
  5 bombardier beetles
  2 jellies
  A hound (D:4)
  An iguana (D:4)
  Ijyb (D:4)
  2 orc wizards (D:4)
  7 adders
  4 gnolls (D:5)
  2 ribbon worms
  3 dart slugs
  9 orcs
  8 ball pythons
  3 endoplasms
  7 giant cockroaches
  5 goblins
  4 hobgoblins
  7 jackals
  6 quokkas
  10 bats
  3 frilled lizards
  9 kobolds
  8 rats
108 creatures vanquished.

Notes
Turn   | Place    | Note
-------+----------+-------------------------------------------
     0 | D:1      | porpoise the Demonspawn Fighter began the quest for the
                  | Orb.
     0 | D:1      | Reached XP level 1. HP: 18/18 MP: 1/1
   167 | D:1      | Gained mutation: You have sharp fingernails. [demonic
                  | ancestry]
   167 | D:1      | Reached XP level 2. HP: 22/24 MP: 2/2
   754 | D:1      | Reached XP level 3. HP: 29/29 MP: 3/3
  1133 | D:2      | Found a faded altar of an unknown god.
  1692 | D:3      | Reached XP level 4. HP: 37/37 MP: 4/4
  2346 | D:3      | Noticed a scorpion
  2359 | D:3      | Killed a scorpion
  2360 | D:3      | Gained mutation: You are partially covered in icy blue
                  | scales. (AC +2) [demonic ancestry]
  2360 | D:3      | Reached XP level 5. HP: 42/42 MP: 5/5
  2816 | D:4      | Noticed Ijyb
  2830 | D:4      | Killed Ijyb
  2897 | D:4      | Reached XP level 6. HP: 49/49 MP: 6/6
  3081 | D:4      | Reached skill level 5 in Axes
  3248 | D:4      | Reached skill level 5 in Fighting
  3512 | D:4      | Found a snail-covered altar of Cheibriados.
  3883 | D:4      | Reached XP level 7. HP: 43/56 MP: 7/7
  4151 | D:5      | Entered Level 5 of the Dungeon
  4281 | D:5      | Gained mutation: You are vulnerable to cold. (rC-) [potion
                  | of mutation]
  4281 | D:5      | Killed from afar by a gnoll

Illustrated notes

Levels and vault maps discovered:
D:1:      roderic_crossed_star, layout_basic
D:2:      layout_basic, ebering_ecumenical_altar_hall, minmay_tromino_v4_c
D:3:      layout_loops_ring
D:4:      layout_loops_cross, chei_slow_surprise, grunt_decor_mini_mirrors,
          uniq_ijyb
D:5:      layout_basic, serial_bayou_lagoon_a

Skill      XL: |  1  2  3  4  5  6 |
---------------+-------------------+-----
Axes           | 2 3 4 5 |  5.9
Fighting       | 4 5 |  5.3
Shields        | 3 |  3.2
Armour         | |  2.6

Action                     |  1- 3 |  4- 6 |  7- 9 || total
---------------------------+-------+-------+-------++-------
  Melee: War axe           |   121 |   192 |    21 ||   334
  Throw: Dart              |       |    10 |       ||    10
  Evoke: Wand              |       |     1 |       ||     1
    Use: Scroll            |     1 |       |       ||     1
         Potion            |       |       |     1 ||     1
 Armour: Scale mail        |    87 |   130 |    40 ||   257
  Dodge: Dodged            |    58 |    74 |    15 ||   147
  Block: Buckler           |    27 |    41 |     9 ||    77

Table legend: (Time is in decaauts)
 A = Elapsed time spent in this place.
 B = Non-inter-level travel time spent in this place.
 C = Inter-level travel time spent in this place.
 D = Time resting spent in this place.
 E = Time spent auto-exploring this place.
 F = Levels seen in this place.
 G = Mean time per level.
                   A        B        C        D        E       F      G
               +--------+--------+--------+--------+--------+-----+--------+
         Total |   4390 |   4296 |     94 |   1116 |   2367 |   5 |  878.0 |
       Dungeon |   4390 |   4296 |     94 |   1116 |   2367 |   5 |  878.0 |
               +--------+--------+--------+--------+--------+-----+--------+

Top non-repeatable levels by time:
     D:4: 1528 daAuts
     D:1: 1074 daAuts
     D:3: 1012 daAuts
     D:2: 639 daAuts
     D:5: 134 daAuts
